 Dungeon Crawl Stone Soup version 0.16-a0-1982-g8124c91 (webtiles) character file.

79 timbw the Chopper (level 4, -2/23 HPs)
             Began as a Vine Stalker Gladiator on Nov 8, 2014.
             Slain by a mummy (10 damage)
             ... in an ossuary.
             The game lasted 00:03:08 (686 turns).

timbw the Chopper (Vine Stalker Gladiator)           Turns: 686, Time: 00:03:08

Health: -2/23      AC:  6    Str: 17    XL:     4   Next: 38%
Magic:  0/5        EV: 10    Int:  8    God:
Gold:   117        SH:  0    Dex: 16    Spells: 0 memorised, 3 levels left

rFire  . . .     SeeInvis .     a - +0 war axe
rCold  . . .     Clarity  .     e - +0 ring mail
rNeg   . . .     SustAb   .     (no shield)
rPois  .         Gourm    .     c - +0 helmet
rElec  .         Spirit   +     (no cloak)
rCorr  .         Warding  .     (no gloves)
rMut   .         Stasis   .     (no boots)
MR     .....                    (no amulet)
Stlth  +.........               (no ring)
                                m - ring of teleport control

@: not resistant to hostile enchantments, very unstealthy
A: fangs 2, regeneration 1, magic shield, antimagic bite, no device heal 3, rot
immunity
a: Evoke Teleport Control


You were in an ossuary.
You were not hungry.

You visited 1 branch of the dungeon, and saw 4 of its levels.
You also visited: Ossuary.

You collected 117 gold pieces.

Inventory:

Hand weapons
 a - a +0 war axe (weapon)
Missiles
 d - 3 throwing nets (quivered)
Armour
 b - a +0 leather armour
 c - a +0 helmet (worn)
 e - a +0 ring mail (worn)
Jewellery
 m - a ring of teleport control (left hand)
Scrolls
 h - 2 scrolls of teleportation {unknown}
 k - a scroll of enchant weapon {unknown}
 l - 2 scrolls of recharging {unknown}
 n - a scroll of fear {unknown}
 p - a scroll of fog {unknown}
Potions
 i - a potion of magic {unknown}
 j - a potion of heal wounds
 o - a potion of might
 q - a potion of confusion
 r - a potion of restore abilities {unknown}
 s - a potion of haste {unknown}
Comestibles
 f - a bread ration
 g - a slice of pizza


   Skills:
 - Level 1.7 Fighting
 + Level 4.5 Axes
 - Level 1.7 Throwing
 - Level 2.4 Dodging


You had 3 spell levels left.
You didn't know any spells.

Dungeon Overview and Level Annotations

Branches:
Dungeon (4/15)
 Temple: D:4-7

Altars:
Elyvilon
Fedhas
Sif Muna


Innate Abilities, Weirdness & Mutations

You have extremely sharp teeth.
Your natural rate of healing is unusually fast.
When hurt, damage is shared between your health and your magic reserves.
Your bite disrupts and absorbs the magic of your enemies.
Potions and wands cannot restore your health.
You are immune to rotting.


Message History

You destroy the gnoll zombie! 2 mummies come into view. 2 mummies come into view.
A hobgoblin zombie comes into view. 2 zombies come into view.
The mummy hits you.
You barely miss the mummy. You hit the mummy.
The mummy is lightly damaged.
You hit the mummy.
The mummy is moderately damaged.
Unknown command.
You closely miss the mummy.
The mummy is lightly damaged.
You hit the mummy.
The mummy is moderately damaged.
The mummy hits you!
Ouch! That really hurt!
Unknown command.
The mummy hits you!
You die...

...##....##
.............
.............
............
#..Z.....#
#ZM....#
#MM..# #.MZ.#
#@...# #....#
#....# #....#
#....# #....#
#.∩∩.# ######


You could see 4 mummies, a hobgoblin zombie, a kobold zombie and an orc zombie.

Vanquished Creatures
  An orc priest (D:3)
  2 adders (D:3)
  7 orcs
  3 bats
  A hobgoblin (D:3)
  A ball python (D:2)
  2 giant newts (D:1)
  A gnoll zombie (Ossuary)
  3 goblins (D:1)
  A hobgoblin zombie (Ossuary)
  3 kobolds (D:1)
  2 orc zombies (Ossuary)
  2 rats
29 creatures vanquished.

Notes
Turn   | Place    | Note
--------------------------------------------------------------
     0 | D:1      | timbw, the Vine Stalker Gladiator, began the quest for the Orb.
     0 | D:1      | Reached XP level 1. HP: 11/11 MP: 1/1
   152 | D:1      | Reached skill level 3 in Axes
   188 | D:1      | Reached XP level 2. HP: 15/15 MP: 3/3
   359 | D:3      | Found a blossoming altar of Fedhas.
   363 | D:3      | Found a deep blue altar of Sif Muna.
   424 | D:3      | Reached XP level 3. HP: 10/18 MP: 2/4
   467 | D:3      | Reached skill level 4 in Axes
   467 | D:3      | Reached XP level 4. HP: 10/23 MP: 2/5
   547 | D:4      | Found a white marble altar of Elyvilon.
   653 | D:4      | Found a sand-covered staircase.
   660 | Ossuary  | Entered an ossuary
   686 | Ossuary  | Slain by a mummy

Action                   |  1- 3 |  4- 6 || total
-------------------------+-------+-------++-------
Melee: War axe           |    59 |    10 ||    69
Throw: Throwing net      |     1 |       ||     1
  Use: Scroll            |       |     3 ||     3
